 Dungeon Crawl Stone Soup version 0.27-a0-262-gc50aac273e (webtiles) character file.

Game seed: 13460474301314149923

362 Borgoz the Slasher (level 6, -2/51 HPs)
             Began as a Ghoul Gladiator on Feb 5, 2021.
             Slain by an orc
             ... wielding a +0 war axe
              (3 damage)
             ... on level 4 of the Dungeon.
             The game lasted 00:04:31 (4047 turns).

Borgoz the Slasher (Ghoul Gladiator)                Turns: 4047, Time: 00:04:32

Health: -2/51      AC:  8    Str: 18    XL:     6   Next: 66%
Magic:  5/5        EV: 13    Int:  3    God:
Gold:   174        SH:  0    Dex: 12    Spells: 5/5 levels left

rFire    . . .     SeeInvis .   a - +0 long sword
rCold    + . .     Faith    +   (no shield)
rNeg     + + +     Spirit   .   b - +0 leather armour
rPois    ∞         Reflect  .   c - +0 helmet
rElec    .         Harm     .   r - +0 cloak
rCorr    .         Rampage  .   (no gloves)
Will     .....                  k - +2 pair of boots
Stlth    +.........             o - amulet of faith
HPRegen  0.00/turn              (no ring)
MPRegen  0.09/turn              (no ring)

@: no status effects
A: claws 1, cold resistance 1, negative energy resistance 3, inhibited
regeneration, torment resistance, unbreathing
a: no special abilities


You were on level 4 of the Dungeon.
You visited 1 branch of the dungeon, and saw 4 of its levels.

You collected 174 gold pieces.

Inventory:

Hand Weapons
 a - a +0 long sword (weapon)
Missiles
 d - 3 throwing nets (quivered)
Armour
 b - a +0 leather armour (worn)
 c - a +0 helmet (worn)
 k - a +2 pair of boots (worn)
 r - a +0 cloak (worn)
Jewellery
 i - an uncursed ring of ice
 o - an amulet of faith (around neck)
Wands
 f - a wand of paralysis (21)
Scrolls
 e - 4 scrolls of remove curse {unknown}
 j - a scroll of blinking {unknown}
 n - 2 scrolls of teleportation {unknown}
 q - a scroll of magic mapping {unknown}
Potions
 g - a potion of haste
 l - a potion of resistance {unknown}
 m - a potion of degeneration {unknown}
 p - a potion of brilliance


   Skills:
 + Level 3.5 Fighting
 * Level 4.3 Long Blades
 - Level 1.7 Throwing
 * Level 3.2 Armour
 + Level 3.6 Dodging


You had 5 spell levels left.
You didn't know any spells.
Your spell library was empty.

Dungeon Overview and Level Annotations

Branches:
Dungeon (4/15)
 Temple: D:4-7

Altars:
Ashenzari
Gozag
Okawaru
Qazlal


Innate Abilities, Weirdness & Mutations

You thrive by killing the living.
You are immune to poison.
You have sharp fingernails.
Your flesh is cold resistant. (rC+)
You are immune to negative energy. (rN+++)
You do not regenerate when monsters are visible.
You are immune to unholy pain and torment.
You can survive without breathing.


Message History

The orc hits you with a +0 war axe. The orc hits you but does no damage.
The orc priest invokes the aid of Beogh against you.
Beogh smites you!
* * * LOW HITPOINT WARNING * * *
You slash the orc priest!
The orc priest is almost dead.
The orc hits you but does no damage. The orc closely misses you.
The orc priest hits you but does no damage.
You barely miss the orc priest.
The orc priest is almost dead.
The orc hits you but does no damage.
The orc priest hits you with a +0 dagger.
* * * LOW HITPOINT WARNING * * *
The orc hits you with a +0 war axe!
* * * LOW HITPOINT WARNING * * *
You closely miss the orc priest.
The orc priest is almost dead.
The orc hits you but does no damage. The orc priest closely misses you.
The orc hits you with a +0 war axe.
You die...

#..##.........#
..............#
.......######.#
.........# ##.##
.........###...##
.........##.....##
.........##.#....##
.........#..###o.o##
........#..#....@).#
........#.##....o...#
..........#..........#
.........
#...........# ........
#..............
........
#..............
........
#..............
........
#..............
.....#..


You could see an orc priest and 2 orcs.

Vanquished Creatures
  A hound (D:4)
  An orc priest (D:3)
  An iguana (D:4)
  2 orc wizards (D:3)
  A worker ant (D:4)
  4 gnolls
  3 adders (D:2)
  4 oozes
  An adder zombie (D:3)
  2 worms (D:2)
  2 dart slugs (D:1)
  6 leopard geckos
  10 orcs
  A ball python (D:1)
  4 giant cockroaches
  6 goblins
  13 hobgoblins
  6 jackals (D:2)
  A quokka (D:3)
  8 bats
  2 frilled lizards
  9 kobolds
  5 rats
93 creatures vanquished.

Notes
Turn   | Place    | Note
-------+----------+-------------------------------------------
     0 | D:1      | Borgoz the Ghoul Gladiator began the quest for the Orb.
     0 | D:1      | Reached XP level 1. HP: 17/17 MP: 0/0
   112 | D:1      | Reached XP level 2. HP: 13/24 MP: 1/1
   290 | D:1      | Reached skill level 3 in Long Blades
   290 | D:1      | Reached skill level 1 in Armour
   364 | D:1      | Reached XP level 3. HP: 30/30 MP: 2/2
  1090 | D:2      | Found an opulent altar of Gozag.
  1141 | D:2      | Reached XP level 4. HP: 21/37 MP: 3/3
  1299 | D:2      | Found a broken altar of Ashenzari.
  1803 | D:2      | Found a faded altar of an unknown god.
  2170 | D:2      | Found an iron altar of Okawaru.
  2170 | D:2      | Found a stormy altar of Qazlal.
  2613 | D:3      | Reached XP level 5. HP: 43/45 MP: 4/4
  2973 | D:4      | Reached skill level 4 in Long Blades
  2973 | D:4      | Reached XP level 6. HP: 25/51 MP: 5/5
  4046 | D:4      | HP: 1/51 [orc/+0 war axe (7)]
  4047 | D:4      | Slain by an orc

Illustrated notes

Levels and vault maps discovered:
D:1:      zaba_arrival_water, layout_basic
D:2:      layout_rooms, general_overflow_altar, amethyst_overflow_temple_binary,
          overflow_temple_1_default, chequers_ecumenical_altar_island
D:3:      layout_basic, serial_corexii_hall, chequers_hall_statues_wall_a,
          chequers_hall_statues_corner_a
D:4:      layout_cave_pods, serial_shops,
          nicolae_shop_temple_entry_statues_fountains, dk_rats_in_the_wall,
          uniq_robin

Skill      XL: |  1  2  3  4  5  6 |
---------------+-------------------+-----
Long Blades    | 3 4 |  4.3
Armour         | 1 2 3 |  3.2
Dodging        | 3 |  3.6
Fighting       | 3 |  3.5
Throwing       | |  1.7

Action                   |  1- 3 |  4- 6 || total
-------------------------+-------+-------++-------
Melee: Long sword        |    97 |   274 ||   371
Throw: Throwing net      |       |     2 ||     2
Evoke: Wand              |       |     2 ||     2
  Use: Scroll            |       |     5 ||     5
       Potion            |       |     3 ||     3
 Stab: Paralysed         |       |     4 ||     4
       Held in net/web   |       |     1 ||     1
Armor: Leather armour    |    48 |   124 ||   172
Dodge: Dodged            |    94 |   223 ||   317
       Rpst.: Long sword |    31 |    65 ||    96

Table legend: (Time is in decaauts)
 A = Elapsed time spent in this place.
 B = Non-inter-level travel time spent in this place.
 C = Inter-level travel time spent in this place.
 D = Time resting spent in this place.
 E = Time spent auto-exploring this place.
 F = Levels seen in this place.
 G = Mean time per level.
                   A        B        C        D        E       F      G
               +--------+--------+--------+--------+--------+-----+--------+
         Total |   4132 |   4053 |     79 |   1165 |   2050 |   4 | 1033.0 |
       Dungeon |   4132 |   4053 |     79 |   1165 |   2050 |   4 | 1033.0 |
               +--------+--------+--------+--------+--------+-----+--------+

Top non-repeatable levels by time:
     D:3: 1321 daAuts
     D:2: 1198 daAuts
     D:1: 1112 daAuts
     D:4: 499 daAuts
